cohdb
Replays
Latest Replays
All Replays
Popular Replays
Top Player Replays
Match Explorer
How It Works
Community
CoH3 Stats
Reddit
Sign in to upload your games and track your stats! →
Sign in with Steam
Wehr Luft Vs Brits Air & Sea
Match 15124723
Overview
Messages
Build Orders
End
Kettenkrad Recon Vehicle
Construct Infanterie Kompanie
MG 42 Machine Gun Team
Pioneer Squad
MG 42 Machine Gun Team
Construct Luftwaffe Kompanie
Flak 30 Anti-aircraft Gun Team
Jäger Squad
Medical Station
Jäger Squad
Construct Panzer Kompanie
Stoßtruppen Squad
Side Skirts
Selects Luftwaffe Battlegroup
Selects Stuka Strafing Run
Selects Fallschirmpioneer Squad Paradrop
Selects LG40 Recoilless Launcher Paradrop
Selects Infantry Reserves
Sniper
Panzer IV Medium Tank
Stuka Strafing Run
Selects Fallschirmjäger Squad Paradrop
Selects Fragmentation Bombs
Fragmentation Bombs
Pioneer Squad
Jäger Squad
Pioneer Squad
Stuka Strafing Run
Panzer IV Medium Tank
Stuka Strafing Run
Fragmentation Bombs
Fallschirmjäger Squad Paradrop
Stuka Strafing Run
Stuka Strafing Run
Panzer IV Medium Tank
Dromaeda
DaPopeCOH
0
0
Comments
sign in to comment!
No comments posted yet!